[Event "ChessKid Cup Div-I 2023"]
[Site "Online"]
[Date "2023.05.24"]
[Round "3.2"]
[White "Abdusattorov, Nodirbek"]
[Black "Van Foreest, Jorden"]
[Result "1/2-1/2"]
[ECO "E73"]
[WhiteElo "2731"]
[BlackElo "2689"]
[Annotator "TA"]
[PlyCount "110"]
[EventDate "2023.05.21"]
[EventType "k.o."]
[EventCountry "NET"]
[SourceTitle "playchess.com"]
[Source "ChessBase"]
[SourceQuality "1"]
[TimeControl "900+3"]

1. d4 Nf6 2. c4 g6 3. Nc3 Bg7 4. e4 d6 5. Be2 O-O 6. Be3 c5 7. d5 e6 8. Nf3 {[%emt 0:00:01][%cal Bg1f3,Bf3d2,Bd2c4][%mdl 32] E73: King's Indian: Averbakh Variation without 6...c5.} Re8 9. Nd2 Bd7 {[%emt 0:00:02] [#]} 10. O-O $146 {[%emt 0:01:38] White is slightly better.} ({Predecessor:} 10. e5 dxe5 11. Bxc5 Na6 12. Be3 exd5 13. cxd5 Nc7 14. Nc4 Nb5 15. Nxb5 Bxb5 16. a4 {½-½ Woodward,A (2436)-Kevlishvili,R (2541) New York Spring GM-A 2023 (1.2)}) 10... exd5 11. cxd5 b5 {[%emt 0:00:01][%mdl 64] Deflection} 12. Bxb5 (12. Qc2 $5 ) 12... Bxb5 13. Nxb5 Nxe4 14. Nc4 a6 {[%emt 0:00:04] [#]} 15. Nc3 Nxc3 16. bxc3 Qf6 17. Qa4 Rd8 (17... Re4 $2 18. Rae1 $18 (18. f3 Re7 $16) (18. f3 Re7 $14)) 18. Rab1 {[%emt 0:00:32] Rb7 is the strong threat.} Nd7 19. Rb7 (19. Na5 $5 ) 19... Ne5 20. Nxe5 (20. Nd2 $5 ) 20... Qxe5 21. c4 Qe4 22. Bg5 Rdb8 23. Qxa6 {[%emt 0:02:47][%mdl 64] Deflection} Bd4 24. Bh6 Re8 $1 $17 25. Qxd6 (25. Ra7 $17 {is the only way for White.} Rxa7 26. Qxa7) 25... Rxa2 $19 26. Rb8 $2 (26. h3 $19 Rxf2 {[%mdl 64] Decoy} 27. Rxf2 Qe1+ {[%mdl 64] Pin, Double Attack} 28. Kh2 Bxf2 29. h4) 26... Bxf2+ $2 27. Kh1 $1 $18 {[%emt 0:00:06][%cal Od6f8] White wants to mate with Qf8+!} (27. Rxf2 Ra1+) 27... Ra8 {[%emt 0:00:01] [#]} 28. Qf6 $1 Qd4 29. Rxe8+ $1 (29. Qxf2 $2 {is the wrong capture.} Qxf2 30. Rbb1 Qd4 $19) 29... Rxe8 {[%emt 0:00:02] [#]} 30. Qf3 (30. Qxf2 {leads to mate.} Qxf2 31. h3 Qxf1+ 32. Kh2 Re2 33. Kg3 Rxg2+ 34. Kh4 Qf2#) 30... f5 31. d6 $2 (31. Qxf2 {gets mated.} Qxf2 32. h4 Qxf1+ 33. Kh2 Re2 34. Kg3 Qxg2+ 35. Kf4 Qg4#) (31. Rxf2 $18 Qa1+ 32. Rf1) 31... Bh4 $11 32. g3 {[%emt 0:00:12] Hoping for Rd1.} Bf6 33. Rd1 Qxc4 34. d7 Rd8 35. Bf4 $2 {[%emt 0:00:00] [#]} (35. Qc6 $11 {and White has nothing to worry.} Qe4+ 36. Qxe4 fxe4 37. Rd5) 35... Qe6 $2 (35... Bd4 $1 $19 36. Re1 Rxd7) 36. Qd5 $132 {[%emt 0:00:03][%mdl 2048] White has counterplay} Qxd5+ 37. Rxd5 {[%emt 0:00:00][%cal Of4c7][%mdl 4096] Endgame KRB-KRB} Ra8 38. Rxc5 {[%emt 0:00:19] Strongly threatening Rc8+.} Kf7 39. Rc7 (39. Rc8 $5 Ra1+ $8 40. Kg2 $11) 39... Rd8 40. Bd2 (40. h4 $11) 40... Be5 $15 41. Rb7 {[%emt 0:00:02] aiming for Ba5.} Ke6 42. Ba5 Rxd7 43. Rxd7 Kxd7 {[%emt 0:00:00] KB-KB} 44. Kg2 g5 45. Bd2 g4 46. Bg5 Ke6 47. h3 h5 48. hxg4 hxg4 49. Bh6 Bf6 50. Bf4 Kd5 51. Bh6 Ke4 52. Bf4 Be5 53. Bh6 Bf6 54. Bf4 Be5 55. Bh6 Bf6 {[%emt 0:00:01] White really could win this. A brilliant game!   Weighted Error Value: White=0.28 (precise) /Black=0.25 (precise)} (55... Bd6 $17 56. Kf2 Kd5) 1/2-1/2

[Event "ChessKid Cup Div-I 2023"]
[Site "Online"]
[Date "2023.05.24"]
[Round "3.3"]
[White "Van Foreest, Jorden"]
[Black "Abdusattorov, Nodirbek"]
[Result "0-1"]
[ECO "D27"]
[WhiteElo "2689"]
[BlackElo "2731"]
[Annotator "TA"]
[PlyCount "60"]
[EventDate "2023.05.21"]
[EventType "k.o."]
[EventCountry "NET"]
[SourceTitle "playchess.com"]
[Source "ChessBase"]
[SourceQuality "1"]
[TimeControl "900+3"]

1. d4 d5 2. c4 dxc4 3. Nf3 Nf6 4. e3 e6 5. Bxc4 a6 6. O-O c5 7. b3 b6 {[%emt 0:00:08] D27: Queen's Gambit Accepted: Classical main line: 7 e4!? and 7 a4.} 8. Bb2 {[%emt 0:00:20] 8.Ba3 injects fresh life into this line.} Bb7 9. Be2 (9. dxc5 {is more complex.} Qxd1 10. Rxd1 Bxc5 11. Ne5) 9... Nbd7 {[%emt 0:00:08] The position is equal.} 10. Nbd2 Be7 11. Ne5 Nxe5 12. dxe5 Nd5 {[%emt 0:00:00] [#]} 13. Bf3 $146 ({Predecessor:} 13. a3 O-O 14. Qc2 Qc7 15. Rfd1 Rfd8 16. Ne4 Qc6 17. Bf3 Rd7 18. Rd2 Rad8 19. Rad1 {½-½ Can,E (2606)-Alsina Leal,D (2525) POR-chT Ovar 2022 (6.4)}) 13... Qc7 14. a3 O-O 15. Qc2 Rfd8 16. Rac1 Rd7 17. Rfd1 (17. Nc4 {with more complications.} b5 18. Nd6 Bxd6 19. exd6 Qxd6 20. Rfd1) 17... Rad8 (17... b5 $5) 18. Ne4 (18. Nc4 $14) 18... Qc8 19. Qb1 Qa8 20. h3 h6 21. Ba1 a5 22. Qc2 $2 {[%emt 0:01:29] [#] This costs White the game.} (22. Nd6 $15) 22... Nxe3 $1 $19 {[%emt 0:00:26][%mdl 576] Discovered Attack, Double Attack} 23. Rxd7 (23. fxe3 Rxd1+ 24. Rxd1 Rxd1+ 25. Qxd1 Bxe4 $19) 23... Nxc2 24. Rxb7 Qxb7 ({Don't blunder} 24... Nxa1 $2 25. Rxe7 Nxb3 26. Nxc5 $19) 25. Nf6+ Bxf6 (25... gxf6 $2 {perishes.} 26. Bxb7 Nxa1 27. Rxa1 $19) 26. Bxb7 Nxa1 {[%emt 0:00:01][%mdl 64] [#] Remove Defender} ({Resist} 26... Nxa3 27. exf6 Nb5 28. fxg7 $16) 27. Rxa1 Bxe5 28. Re1 Bc3 29. Re2 Rd1+ 30. Kh2 Rb1 {[%emt 0:00:01] Weighted Error Value: White=0.30/Black=0.07 (flawless)} 0-1

[Event "ChessKid Cup Div-I 2023"]
[Site "Online"]
[Date "2023.05.26"]
[Round "4.1"]
[White "Abdusattorov, Nodirbek"]
[Black "Caruana, Fabiano"]
[Result "1/2-1/2"]
[ECO "D38"]
[WhiteElo "2731"]
[BlackElo "2764"]
[Annotator "TA"]
[PlyCount "137"]
[EventDate "2023.05.21"]
[EventType "k.o."]
[EventCountry "NET"]
[SourceTitle "playchess.com"]
[Source "ChessBase"]
[SourceQuality "1"]
[TimeControl "900+3"]

1. d4 Nf6 2. c4 e6 3. Nf3 d5 4. Nc3 Bb4 5. Bg5 (5. cxd5 exd5 6. Bg5 h6 7. Bh4 O-O 8. e3 Bf5 9. Ne5 c5 10. Be2 cxd4 11. Qxd4 Qb6 12. Qxb6 axb6 13. Bxf6 gxf6 14. Nd3 Bxd3 15. Bxd3 {½-½ Abdusattorov,N (2713)-Caruana,F (2766) Tata Steel-A 85th 2023 (2)}) 5... h6 6. Bd2 {[%emt 0:00:00] D38: Queen's Gambit Declined: Ragozin Defence (4 Nf3 Bb4).} (6. Qa4+ {is more complex.} Nc6 7. Bxf6 Qxf6 8. e3) 6... Nbd7 {[%emt 0:00:22] [#]} 7. Rc1 $146 ({Predecessor:} 7. e3 b6 8. cxd5 exd5 9. Bd3 Bb7 10. O-O O-O 11. Rc1 a6 12. Ne5 Bd6 13. f4 c5 {1-0 Ter Sahakyan,S (2640)-Xu,Y (2527) RBI op Qualifier 2 blitz 2020 (10)}) 7... c6 8. e3 O-O 9. Bd3 Bd6 10. b3 b6 11. O-O Bb7 12. Qc2 Re8 13. Rfe1 dxc4 14. bxc4 c5 15. Ne4 Nxe4 16. Bxe4 Bxe4 17. Qxe4 e5 18. Qc6 Qe7 {[%emt 0:01:59] And now ...e4 would win.} 19. Bc3 e4 20. Nd2 Rac8 21. Qa4 Nf6 22. h3 Nh7 23. d5 f5 24. Nf1 Rf8 25. Ng3 (25. Qd1 $11) 25... Rf7 26. Qd1 (26. Nh5 {keeps more tension.} Qg5 27. Qd1 Qh4 28. Qe2) 26... Qh4 27. Rc2 Rcf8 28. Rf1 (28. Nh5 $15) 28... Ng5 $1 $17 ({Don't play} 28... Bxg3 $6 29. fxg3 Qxg3 30. Qe1 $11) 29. Be1 ({Not} 29. Qe1 $2 f4 30. exf4 Bxf4 $19) (29. Re1 $17) 29... f4 $19 30. Qh5 Qxh5 31. Nxh5 {[%emt 0:00:00] [#]} fxe3 32. h4 {[%emt 0:00:01] White is weak on the dark squares} Nh7 33. f3 exf3 34. gxf3 Rxf3 35. Rxf3 Rxf3 36. Re2 (36. Kg2 $142 Rf5 37. Ng3) 36... g5 37. Kg2 g4 38. Bg3 Bxg3 39. Nxg3 {[%emt 0:00:01][%mdl 4096] Endgame KRN-KRN} Nf6 40. Nf1 $2 (40. a4 {keeps fighting.}) 40... Nh5 41. Rxe3 Nf4+ 42. Kg1 Nh3+ 43. Kg2 Rf2+ {[%emt 0:00:01][%mdl 64] Deflection} 44. Kg3 Rxf1 45. Kxg4 {[%emt 0:00:12] KRN-KR} Nf4 (45... Nf2+ $142 46. Kh5 Nd1) 46. d6 {[%emt 0:00:07] Threatens to win with d7.} Kf7 47. d7 {[%emt 0:00:05] [#]} Rd1 $1 48. Kxf4 {[%emt 0:00:01] [#]} Rxd7 $2 {[%emt 0:00:01] KR-KR} (48... Kf6 $1 $19 49. Kg4 Rxd7) 49. Kf5 $1 $11 {[%emt 0:00:08] The position is equal.} Rd4 50. Ra3 $1 a5 51. Rb3 Rxc4 {[%emt 0:00:06] Hoping for ...Rb4.} 52. Rxb6 Rxh4 53. Rb7+ Ke8 {[%emt 0:00:01] ...c4 would be deadly.} 54. Ke6 Kd8 {[%emt 0:00:02] Strongly threatening ...c4.} 55. Kd6 Kc8 {[%emt 0:00:09] Prevents Rb8+} 56. Rc7+ Kb8 57. Rxc5 a4 58. a3 Rd4+ 59. Kc6 Rg4 60. Rh5 Rg6+ 61. Kd7 Kb7 62. Rh4 Ra6 63. Rb4+ Ka7 64. Kc7 Ra5 65. Rb7+ Ka8 66. Rb8+ Ka7 67. Rb7+ Ka8 68. Rb8+ Ka7 {[%emt 0:00:01] ( -> ...Rc5+)} 69. Rb7+ {[%emt 0:00:01] Black had all chances to win.   Weighted Error Value: White=0.20 (precise) /Black=0.14 (very precise)} 1/2-1/2

[Event "ChessKid Cup Div-I 2023"]
[Site "Online"]
[Date "2023.05.26"]
[Round "4.2"]
[White "Caruana, Fabiano"]
[Black "Abdusattorov, Nodirbek"]
[Result "0-1"]
[ECO "B51"]
[WhiteElo "2764"]
[BlackElo "2731"]
[Annotator "TA"]
[PlyCount "124"]
[EventDate "2023.05.21"]
[EventType "k.o."]
[EventCountry "NET"]
[SourceTitle "playchess.com"]
[Source "ChessBase"]
[SourceQuality "1"]
[TimeControl "900+3"]

1. e4 {[%emt 0:00:04] Psakhis,Lev} c5 2. Nf3 Nc6 3. Bb5 d6 4. O-O Bd7 5. Re1 Nf6 6. c3 a6 7. Ba4 b5 {[%emt 0:00:24] B51: Sicilian: Moscow Variation (3 Bb5+) without 3...Bd7.} 8. Bc2 Rc8 9. a4 g6 {[%emt 0:00:17] The position is equal.} 10. axb5 axb5 11. d4 cxd4 12. cxd4 Bg4 {[%emt 0:00:01] [#]} 13. Be3 $146 ({Predecessor:} 13. Nc3 b4 14. Ne2 Bg7 15. d5 Bxf3 16. gxf3 Ne5 17. Ba4+ Nfd7 18. Nd4 O-O 19. f4 {0-1 Adams,M (2731)-Kasimdzhanov,R (2652) FIDE-Wch k.o. 2004 (7.7)}) 13... Bg7 14. Nbd2 O-O 15. h3 Bd7 16. d5 Nb4 17. Bb1 Ra8 $1 18. Rxa8 Qxa8 19. Bd4 Rc8 20. Nf1 Qa4 21. Ne3 Qxd1 22. Rxd1 Bh6 23. g4 {[%emt 0:01:38] aiming for g5.} Bxe3 (23... Bg7 $11) 24. Bxe3 $14 Nc2 25. Bh6 b4 (25... Nxe4 $2 26. Rc1 $18) 26. e5 dxe5 ({Black should try} 26... Ne8 $1 $14) 27. Nxe5 $16 Ba4 28. d6 (28. Bxc2 {simplifies} Bxc2 29. Rd4 Re8 30. Nc6) 28... Na3 {[%emt 0:00:38][%mdl 64] [#] Discovered Attack} 29. Rd4 ({Much weaker is} 29. d7 Nxd7 $17) ({Better is} 29. Ba2 $1 $16 b3 30. Bxb3 (30. d7 Nxd7 31. Bxb3 Nxe5 $14) 30... Bxb3 31. d7) 29... Nxb1 $11 30. dxe7 (30. Rxb4 {simplifies} exd6 31. Rxa4 dxe5 32. Ra1) 30... Ne8 {[%emt 0:00:28] Threatening ...f6.} 31. Rxb4 Bc2 32. Rd4 {[%emt 0:00:12] Rd8 is the strong threat.} Rc7 33. Rd8 Rxe7 34. Nd7 {[%emt 0:00:02] Nf6+ would kill now.} f5 35. Nf6+ Kf7 36. Nxh7 g5 {[%emt 0:00:53] ...fxg4 would be deadly.} 37. Bxg5 $2 {[%emt 0:00:27] This move loses the game for White.} ({White must play} 37. f4 $1 $15) 37... Re1+ $19 38. Kh2 {[%emt 0:00:01] [#]} f4 $1 39. Rd7+ (39. Bxf4 Bxh7) 39... Kg8 40. Bxf4 ({Much worse is} 40. Nf6+ Nxf6 41. Rd8+ (41. Bxf6 {is a self mate.} Be4 42. f3 Bxf3 43. Rd8+ Kf7 44. Rd7+ Kxf6 45. Rd6+ Ke5) 41... Kf7 42. Bxf4 Re2 $19) 40... Bxh7 41. Kg3 Nf6 {[%emt 0:00:07] Prevents f3} 42. Rd8+ Kf7 43. Be3 (43. f3 {might work better.}) 43... Re2 44. Rb8 Nd2 45. Rb7+ Ke8 46. g5 (46. Rb8+ {was worth a try.} Ke7 47. Bxd2 Rxd2 48. f3) 46... Nf1+ {[%emt 0:00:27] Black is clearly winning.} 47. Kf4 Nxe3 48. fxe3 Nd7 49. h4 Bg6 50. b4 Ke7 51. Ra7 Rb2 52. Rb7 Bh5 53. e4 Ke6 54. Ke3 Rh2 55. Ra7 Rxh4 56. Ra6+ Ke7 57. Rh6 Rh3+ 58. Kd4 Bg4 {[%emt 0:00:01] Hoping for ...Be6.} 59. b5 Rb3 60. Kc4 Rb1 61. Rh7+ Kd6 62. Rh6+ Be6+ {[%emt 0:00:01] Weighted Error Value: White=0.32/Black=0.08 (flawless)} 0-1

[Event "ChessKid Cup Div-I 2023"]
[Site "Online"]
[Date "2023.05.26"]
[Round "4.3"]
[White "Abdusattorov, Nodirbek"]
[Black "Caruana, Fabiano"]
[Result "0-1"]
[ECO "D38"]
[WhiteElo "2731"]
[BlackElo "2764"]
[Annotator "TA"]
[PlyCount "93"]
[EventDate "2023.05.21"]
[EventType "k.o."]
[EventCountry "NET"]
[SourceTitle "playchess.com"]
[Source "ChessBase"]
[SourceQuality "1"]
[TimeControl "900+3"]

1. d4 Nf6 2. c4 e6 3. Nf3 d5 4. Nc3 Bb4 5. Qa4+ Nc6 6. a3 Bxc3+ 7. bxc3 O-O {[%emt 0:00:03] D38: Queen's Gambit Declined: Ragozin Defence (4 Nf3 Bb4).} 8. Bg5 h6 9. Bh4 Ne7 $5 {[%emt 0:00:01][%mdl 4] The position is equal. A promising side line.} (9... Bd7 $5 ) 10. Bxf6 gxf6 {[%emt 0:00:00] [#]} 11. e3 $146 ({Predecessor:} 11. cxd5 Qxd5 12. Qc2 c5 13. Qd2 Kg7 14. e3 b6 15. Bd3 Bb7 16. e4 Qd7 17. O-O {½-½ Di Berardino,D (2471)-Mekhitarian,K (2560) BRA-ch 87th Cuiaba 2021 (7)}) 11... c5 12. Be2 Bd7 13. Qd1 dxc4 14. Bxc4 Rc8 15. Ba2 (15. Nd2 $11) 15... Qa5 (15... cxd4 $17 16. Qxd4 Bb5) 16. O-O $11 Bc6 (16... Qxc3 17. Nd2 Qa5 18. Ne4 $14) 17. Nd2 cxd4 (17... Qxc3 18. Nc4 Be4 19. Qg4+ Bg6 20. Rfc1 $16) 18. cxd4 Qg5 (18... Qxa3 $2 19. Bxe6 Qd3 20. Bxc8 Nxc8 21. Qb3 Qxb3 22. Nxb3 $18) 19. e4 (19. g3 $11) 19... Rfd8 {[%emt 0:03:06] Black is much more active. The white rooks are badly placed.} 20. d5 exd5 21. f4 (21. Qe2 $142) 21... Qh4 ({Black should play} 21... Qg7 $17 22. Rf3 Kh8 23. Bxd5 (23. Rg3 Qf8 $17) 23... Nxd5) 22. Qb3 Ng6 (22... dxe4 23. Qxf7+ Kh8 24. Be6 (24. g3 Rg8 $17) 24... Rxd2 25. Bxc8 Nxc8 26. Qf8+ Kh7 27. Qf7+ Kh8 28. Qf8+ Kh7 29. Qf7+ Kh8 $11) (22... Qh5 {looks sharper.} 23. Rae1 dxe4 24. Nxe4 Bxe4 25. Rxe4 Rd2) 23. Rae1 Rc7 (23... Nxf4 {seems wilder.} 24. Re3 Qg4 25. Rf2 Nh5) 24. Re3 {[%emt 0:02:28] Hoping for Rh3.} dxe4 (24... Nxf4 25. Rg3+ Kh7 26. Qe3) 25. Nxe4 Bxe4 (25... Nxf4 $6 26. Qc3 Nh5 27. g3 $14) 26. Rxe4 Rd2 {[%emt 0:00:09] aiming for ...Qg4.} 27. Bb1 Rc1 {[%emt 0:00:49][%mdl 64] [#] Deflection. Chess con chili.} 28. Qf3 (28. Qg3 $17 Rdd1 29. Bd3 (29. Re8+ $2 Kg7 $19)) 28... Rxf1+ $40 {[%emt 0:00:01][%mdl 128] Black has strong attack.} 29. Qxf1 Qh5 (29... f5 $19 30. Re2 Rxe2 31. Qxe2 Qxf4) 30. Re8+ (30. Re1 $17 {might work better.}) 30... Kg7 31. Bxg6 Kxg6 {[%emt 0:02:26][%mdl 4096] Endgame KQR-KQR} ({And not} 31... Qc5+ 32. Kh1 fxg6 33. Qe1 $17) 32. f5+ Kg7 (32... Qxf5 $2 33. Rg8+ Kh7 34. Qxf5+ $18) 33. Re1 (33. Qf3 $142 Qxf3 34. gxf3) 33... Qg4 (33... Qh4 $142 {...Qd4+ would be deadly.} 34. Kh1 Rf2) 34. Kh1 b5 {[%emt 0:00:19][%cal Bb7b5,Bb5a4][%mdl 32] And now ...Qh4 would win.} 35. h3 $2 (35. Qf3 {is the only way for White.} Qxf3 36. gxf3) 35... Qg3 36. a4 (36. Re4 $142 Qxa3 37. Rg4+ Kh7 38. Qxb5) 36... bxa4 37. Re4 Qb3 $2 (37... Rf2 $19 {[%cal Rf2f1] has better winning chances.} 38. Qg1 Rf4) 38. Qf4 Rd1+ 39. Kh2 h5 {[%emt 0:00:14] Prevents Qg4+. Threatens to win with ...a3.} ({Of course not} 39... a3 $6 40. Qg4+ Kf8 41. Qf4 $11) 40. Rxa4 (40. Qg3+ $17 Qxg3+ 41. Kxg3) 40... Qb6 {[%emt 0:00:03] ( -> ...Qg1+)} 41. Ra3 $2 (41. Qg3+ $19 Kh7 42. Qf3 Qg1+ 43. Kg3 Qe1+ 44. Kh2) 41... Qg1+ 42. Kg3 Qe1+ (42... Rd4 $142 43. Qf2 h4+ 44. Kf3 Rf4+ {[%mdl 64] Skewer, Deflection} 45. Kxf4 Qxf2+ 46. Ke4 Qxg2+ 47. Kd4 Qb2+ 48. Rc3 a5 49. Kc4 a4 50. Rd3 a3 51. Re3 a2 52. Re1 Qc2+ 53. Kb4 Qd2+ 54. Kb3 Qxe1 55. Kxa2 Qg3 56. Kb1 Qxh3 57. Kc2 Qf3 58. Kd2 h3 59. Kc2 h2 60. Kd2 h1=Q 61. Kc2 Qh2+ 62. Kc1 Qfh1#) 43. Kh2 Qg1+ (43... h4 $19 44. Qg4+ Kh6 45. Qxd1 Qxd1 46. Rxa7 Qd5) 44. Kg3 {[%emt 0:00:01] [#]} h4+ $1 {[%emt 0:00:07][%mdl 512] Black mates.} 45. Kxh4 Rd4 46. Qxd4 Qxd4+ 47. g4 {[%emt 0:00:00] Excellently played by Caruana!   Weighted Error Value: White=0.60/Black=0.52} 0-1

[Event "ChessKid Cup Div-I 2023"]
[Site "Online"]
[Date "2023.05.26"]
[Round "4.4"]
[White "Caruana, Fabiano"]
[Black "Abdusattorov, Nodirbek"]
[Result "0-1"]
[ECO "B51"]
[WhiteElo "2764"]
[BlackElo "2731"]
[Annotator "TA"]
[PlyCount "96"]
[EventDate "2023.05.21"]
[EventType "k.o."]
[EventCountry "NET"]
[SourceTitle "playchess.com"]
[Source "ChessBase"]
[SourceQuality "1"]
[TimeControl "900+3"]

1. e4 c5 2. Nf3 Nc6 3. Bb5 d6 4. O-O Bd7 5. Re1 Nf6 6. c3 a6 7. Bf1 Bg4 8. h3 Bxf3 9. Qxf3 g6 10. d3 Bg7 11. Nd2 {[%emt 0:00:07] B51: Sicilian: Moscow Variation (3 Bb5+) without 3...Bd7.} O-O 12. Qd1 Rc8 $5 {[%emt 0:00:11][%mdl 4] Leaves trodden paths.} 13. Nf3 {[%emt 0:00:04] [#] White has an edge.} e6 $146 ({Predecessor:} 13... Nd7 14. Be3 Qc7 15. d4 cxd4 16. cxd4 Qb8 17. Qd2 Rfe8 18. Rac1 Nf6 19. d5 Na7 {0-1 Areshchenko,A (2674)-Kislinsky,A (2482) Lvov Bank op rapid 2016 (4)}) 14. a3 Re8 15. g3 Nd7 16. h4 h5 17. Bg5 Bf6 18. d4 cxd4 19. cxd4 Bxg5 20. hxg5 e5 21. d5 Nd4 22. Nxd4 exd4 23. Bh3 Rc4 24. Bxd7 Qxd7 25. b3 Rc3 26. Qxd4 Rxb3 27. e5 $2 {[%emt 0:00:26] Black keeps a firm grip on the game.} ({Better is} 27. Re3 $11 Rxe3 28. Qxe3) 27... dxe5 $17 {[%emt 0:00:55][%mdl 64] Deflection} 28. Rxe5 Rxe5 29. Qxe5 {[%emt 0:00:02][%mdl 4096] Endgame KQR-KQR} Rd3 30. Rc1 (30. Rb1 {was called for.}) 30... Rxd5 $19 (30... Qxd5 $2 31. Rc8+ $18) 31. Qb8+ Kg7 32. Qf4 Qd8 33. Rc7 Rf5 (33... Qxg5 $2 {is a self mate.} 34. Qxf7+ Kh8 35. Qh7#) 34. Qc1 Qd4 {[%emt 0:00:01] Prevents Qb2} ({Not} 34... Rxg5 35. Rxb7 Qd5 36. Rb8 $17) ({Inferior is} 34... Qxg5 35. Qc3+ Qf6 36. Qxf6+ Rxf6 37. Rxb7 $17) 35. Rc2 Rxg5 {[%emt 0:01:12][%mdl 64] Deflection} 36. Qxg5 Qd1+ 37. Kh2 $2 (37. Kg2 Qxc2 38. Qe5+ Kh7 39. Qf4 Qc6+ 40. Kh2) 37... Qxc2 {[%emt 0:00:00] KQ-KQ} 38. Qe5+ Kh7 39. Qd4 Qf5 40. a4 (40. Kg1 $142 b5 41. Qd2) 40... b5 {[%emt 0:00:47] ...bxa4 would be deadly.} 41. a5 {[%emt 0:00:03] [#]} b4 $1 {[%emt 0:00:02][%mdl 64] Deflection} 42. Qxb4 (42. Qe3 Qxa5) 42... Qxf2+ 43. Kh3 g5 {[%emt 0:00:11][%cal Bg6g5,Bg5g4][%mdl 32] aiming for ...Qg1.} 44. Qb7 (44. Qb6 $142 Qe2 45. Qd8) 44... Kg7 {[%emt 0:01:59] ...Qe2 is the strong threat.} 45. Qxa6 {[%emt 0:00:16] [#]} (45. Qb6 $19 Qe2 46. Qb7 Qf1+ 47. Kh2) 45... g4+ $1 46. Kh4 {[%emt 0:00:01][%cal Oa6d6] [#]} f6 $1 {[%emt 0:00:00][%cal Rf2h2] Black mates.} 47. Qb7+ Kh6 48. Qh1 Qd2 {[%emt 0:00:02] Weighted Error Value: White=0.61/Black=0.06 (flawless)} 0-1

[Event "ChessKid Cup Div-I 2023"]
[Site "Online"]
[Date "2023.05.23"]
[Round "51.1"]
[White "Nakamura, Hikaru"]
[Black "Firouzja, Alireza"]
[Result "1/2-1/2"]
[ECO "B44"]
[WhiteElo "2775"]
[BlackElo "2785"]
[Annotator "TA"]
[PlyCount "79"]
[EventDate "2023.05.21"]
[EventType "k.o."]
[EventCountry "NET"]
[SourceTitle "playchess.com"]
[Source "ChessBase"]
[SourceQuality "1"]
[TimeControl "900+3"]

1. e4 e6 2. c4 c5 3. Nf3 Nc6 4. d4 cxd4 5. Nxd4 Nf6 6. Nxc6 bxc6 7. Nc3 e5 {[%emt 0:00:09] B44: Sicilian: Taimanov: 5 Nb5.} 8. Qd3 $1 {[%emt 0:00:42][%mdl 4] now scores much better than the old 8.Bd3.} Bc5 9. Be3 {[%emt 0:00:13] [#]} Bxe3 $146 ({Predecessor:} 9... Qb6 10. Bxc5 Qxc5 11. Be2 O-O 12. O-O Rd8 13. Rfd1 Rb8 14. a3 Qe7 15. b4 a5 {1-0 Thybo,J (2559)-Bjerre,J (2611) DEN-ch Svendborg 2022 (3)}) 10. Qxe3 Qb6 11. Qxb6 axb6 12. O-O-O Ke7 13. Be2 d6 14. Rd2 Be6 15. b3 {[%emt 0:02:09] Inhibits b5.} (15. Rhd1 $5 ) 15... g5 16. Kb2 g4 17. Bd3 h5 18. Nd1 h4 19. Ne3 g3 20. f3 Nh5 21. hxg3 hxg3 22. Rhd1 Nf4 23. Bf1 Rad8 24. b4 Rd7 25. a3 Rhd8 26. Re1 f6 27. Red1 d5 28. cxd5 cxd5 29. exd5 Nxd5 30. Nc4 (30. Nxd5+ $11 Rxd5 31. Rxd5 Rxd5 32. Ra1) 30... Rh8 {[%emt 0:00:39] [#] aiming for ...b5.} 31. a4 Ra8 ({Much worse is} 31... Nxb4 32. Rxd7+ Bxd7 33. Nxb6 $11) 32. Ra1 Rc7 ({Reject} 32... Nxb4 33. Rxd7+ Bxd7 34. Nxb6 $11) (32... Rc8 $17 {Threatens to win with ...Rdc7.} 33. Rad1 Rcc7) 33. a5 $2 (33. Rxd5 $1 $11 Bxd5 34. Nxb6) 33... bxa5 $19 ({Inferior is} 33... Nxb4 34. axb6 Rxa1 35. Kxa1 $17) 34. Rxa5 Rxa5 ({Black should try} 34... Rb8 $19 35. b5 Rcb7) 35. bxa5 $15 Nf4 (35... Rc5 $5 ) 36. Ne3 {[%emt 0:00:08] The position is equal.} Rb7+ 37. Kc2 Rc7+ (37... Ra7 $5 ) 38. Kb2 Rb7+ 39. Kc2 Rc7+ (39... Ra7 $5 ) 40. Kb2 {[%emt 0:00:07] Weighted Error Value: White=0.20 (precise) /Black=0.14 (very precise)} 1/2-1/2